 Dungeon Crawl Stone Soup version 0.18-a0-1692-g516f9e9 (webtiles) character file.

39 4thArraOfDagon the Skirmisher (level 3, 0/29 HPs)
             Began as a Mummy Abyssal Knight on Apr 5, 2016.
             Was a Follower of Lugonu.
             Slain by an adder (3 damage)
             ... on level 4 of the Dungeon.
             The game lasted 00:02:41 (693 turns).

4thArraOfDagon the Skirmisher (Mummy Abyssal Knight) Turns: 693, Time: 00:02:42

Health: 0/29       AC:  8    Str: 15    XL:     3   Next: 28%
Magic:  13/13      EV:  6    Int: 12    God:    Lugonu [*.....]
Gold:   47         SH:  0    Dex: 11    Spells: 0 memorised, 2 levels left

rFire  . . .     SeeInvis .     a - +1 hand axe
rCold  + . .     Gourm    .     h - +0 chain mail
rNeg   + + +     Faith    .     (no shield)
rPois  ∞         Spirit   .     (no helmet)
rElec  .         Dismiss  .     (no cloak)
rCorr  .         Reflect  .     (no gloves)
SustAt .         Harm     .     (no boots)
MR     .....                    (no amulet)
Stlth  ..........               c - ring of protection from fire
                                e - ring of magical power

@: not resistant to hostile enchantments, extremely unstealthy
A: no food or potions, fire vulnerability, cold resistance 1, negative energy
resistance 3, torment resistance, unbreathing
a: Depart the Abyss, Renounce Religion


You were on level 4 of the Dungeon.
You worshipped Lugonu.
Lugonu was aware of your devotion.
You were not hungry.

You visited 1 branch of the dungeon, and saw 4 of its levels.
You visited the Abyss 1 time.

You collected 47 gold pieces.

Inventory:

Hand Weapons
 a - a +1 hand axe (weapon)
Missiles
 g - 5 tomahawks of dispersal (quivered)
Armour
 h - a +0 chain mail (worn)
Jewellery
 b - an uncursed ring of sustain attributes
 c - a ring of protection from fire (right hand)
 e - a ring of magical power (left hand)
Scrolls
 d - 2 scrolls of enchant armour {unknown}
 f - 2 scrolls of identify {unknown}


   Skills:
 - Level 3.0 Fighting
 * Level 2.2 Axes
 + Level 1.9 Armour
 + Level 1.2 Dodging
 + Level 2.1 Invocations


You had 2 spell levels left.
You didn't know any spells.

Dungeon Overview and Level Annotations

Branches:
Dungeon (4/15)
 Temple: D:4-7

Altars:
Fedhas
Trog
Xom


Innate Abilities, Weirdness & Mutations

You do not eat or drink.
Your flesh is vulnerable to fire.
You are immune to poison.
Your flesh is cold resistant.
You are immune to negative energy.
You are immune to unholy pain and torment.
You can survive without breathing.


Message History

* * * LOW HITPOINT WARNING * * *
The adder barely misses you.
You are too injured to fight recklessly!
You are too injured to fight recklessly!
You are too injured to fight recklessly!
You are too injured to fight recklessly!
You barely miss the adder.
The adder is severely wounded.
The adder barely misses you.
You closely miss the adder.
The adder is severely wounded.
The adder bites you.
* * * LOW HITPOINT WARNING * * *
The adder bites you but does no damage.
You closely miss the adder.
The adder is severely wounded.
The adder bites you.
* * * LOW HITPOINT WARNING * * *
The adder bites you.
You die...

# #.#.# #.# # #.#.# #.#
########.#.#####.#######
........................
#........#..####.#######
.....#####...###.#
....... ......#'###
..##.### #.....#
.......# #..@..# <....#.
#....S.....# .#####.
##.........# ...>...
#........... .......
............. .......
####.....####. .......
.!..... .......
.#..##### .......


You could see an adder.

Vanquished Creatures
  An adder (D:3)
  5 bats
  4 giant cockroaches
  4 goblins
  5 hobgoblins
  3 kobolds
  A ball python (D:3)
  5 rats
28 creatures vanquished.

Notes
Turn   | Place    | Note
--------------------------------------------------------------
     0 | Abyss:1  | 4thArraOfDagon the Mummy Abyssal Knight began the quest for the Orb.
     0 | Abyss:1  | Reached XP level 1. HP: 18/18 MP: 2/2
    17 | Abyss:1  | Noticed a thrashing horror
    18 | Abyss:1  | Noticed a thrashing horror
    18 | Abyss:1  | Noticed a thrashing horror
    18 | Abyss:1  | Noticed a starcursed mass
    18 | Abyss:1  | Noticed a flayed ghost
    19 | Abyss:1  | Noticed a ynoxinul
    21 | D:1      | Escaped the Abyss
    49 | D:1      | Reached * piety under Lugonu
   198 | D:2      | Reached XP level 2. HP: 24/24 MP: 3/3
   217 | D:2      | Reached skill level 1 in Dodging
   447 | D:3      | Found a blossoming altar of Fedhas.
   448 | D:3      | Found a bloodstained altar of Trog.
   503 | D:2      | Found a shimmering altar of Xom.
   547 | D:3      | Reached XP level 3. HP: 20/29 MP: 4/4
   693 | D:4      | Slain by an adder

Vault maps used:
D:1:      roderic_chinese_lattice_arrival, serial_glass, glass_columns_c,
          glass_columns_b, glass_columns_a, glass_columns_c, glass_columns_a,
          minmay_hedge_maze
D:2:      lemuel_upstairs_altar, first_bread, ecumenical_altar_1, nrook_uturn
D:3:      grunt_temple_overflow_champion_of_chaos,
          gammafunk_temple_overflow_pools, minmay_ruptured
D:4:      minmay_lizard_king, uniq_purgy

Skill      XL: |  1  2 |
---------------+-------+-----
Dodging        | 1 |  1.2
Axes           | 2 |  2.2
Invocations    | 2 |  2.1
Fighting       | |  3.0
Armour         | |  1.9

Action                   || total
-------------------------++-------
Melee: Hand axe          ||   118
Invok: Depart the Abyss  ||     1
